 Dungeon Crawl Stone Soup version 0.14-a0-2001-g390038d (webtiles) character file.

322 Kae the Firebug (level 5, -4/28 HPs)
             Began as a Tengu Fire Elementalist on Jan 18, 2014.
             Was an Initiate of Vehumet.
             Killed from afar by Blork the orc (5 damage)
             ... with a magic dart
             ... on Level 4 of the Dungeon.
             The game lasted 00:06:04 (4160 turns).

Kae the Firebug (Tengu Fire Elementalist)           Turns: 4160, Time: 00:06:04

HP  -4/28        AC  3     Str  9      XL: 5   Next: 87%
MP   0/11        EV 15     Int 16      God: Vehumet [......]
Gold 112         SH  0     Dex 14      Spells:  3 memorised,  2 levels left

rFire  . . .     SeeInvis .     k - +0 dagger
rCold  . . .     Clarity  .     a - +0 robe
rNeg   . . .     Conserve .     (no shield)
rPois  .         rCorr    .     (helmet restricted)
rElec  .         rRot     .     f - +0 cloak
SustAb . .       Spirit   .     (no gloves)
rMut   .         Warding  .     (boots unavailable)
Saprov . . .     Stasis   .     (no amulet)
MR     .....                    (no ring)
                                (no ring)

@: flying, quick, not resistant to hostile enchantments, fairly stealthy
A: able to fly, beak, talons 3
a: Renounce Religion


You were on level 4 of the Dungeon.
You worshipped Vehumet.
Vehumet was noncommittal.
You were very hungry.

You visited 2 branches of the dungeon, and saw 5 of its levels.

You collected 112 gold pieces.

Inventory:

Hand weapons
 k - a +0,+0 dagger (weapon)
Armour
 a - a +0 robe (worn)
 f - a +0 cloak (worn)
Comestibles
 c - 2 bread rations
 x - 2 meat rations
 z - a banana
 B - a pear
Scrolls
 d - a scroll of fear {unknown}
 i - 3 scrolls of remove curse {unknown}
 j - 6 scrolls of identify {unknown}
 o - 2 scrolls of blinking {unknown}
 p - a scroll of noise {unknown}
 w - 4 scrolls of teleportation {unknown}
 y - 2 scrolls of fog {unknown}
Jewellery
 e - an uncursed ring of sustain abilities {unknown}
 r - an uncursed ring of ice {unknown}
 u - an uncursed amulet of resist corrosion {unknown}
 A - an uncursed ring of wizardry {unknown}
Potions
 g - a potion of porridge
 h - 3 potions of curing
 m - a potion of heal wounds {unknown}
 n - a potion of agility {unknown}
 q - a potion of restore abilities {unknown}
 s - 2 potions of brilliance {unknown}
 t - 2 potions of lignification {unknown}
 v - a potion of poison {unknown}
Books
 b - a book of Flames

   Spells                             Type                      Level
   *Flame Tongue                      Conjuration/Fire             1
   *Throw Flame                       Conjuration/Fire             2
   *Conjure Flame                     Conjuration/Fire             3
   Inner Flame                        Hexes/Fire                   3
   Sticky Flame                       Conjuration/Fire             4
   Fireball                           Conjuration/Fire             5


   Skills:
 - Level 2.1 Dodging
 - Level 2.0 Stealth
 - Level 2.0 Spellcasting
 + Level 4.2 Conjurations
 * Level 6.0 Fire Magic


You had 2 spell levels left.
You knew the following spells:

 Your Spells              Type           Power        Failure   Level  Hunger
a - Flame Tongue          Conj/Fire      ###..        2%          1    #......
b - Throw Flame           Conj/Fire      ###...       4%          2    ###....
c - Conjure Flame         Conj/Fire      ###.....     10%         3    ####...


Dungeon Overview and Level Annotations

Branches:
Dungeon (4/16)             Temple (1/1) D:4

Altars:
Ashenzari
Makhleb
Nemelex Xobeh
Okawaru
Vehumet
Xom
Zin
the Shining One

Annotations:
D:4 Blork the orc, Sigmund


Innate Abilities, Weirdness & Mutations

You can fly.
You have a beak for a mouth.
You have claws for feet.


Message History

Blork the orc grins evilly.
Blork the orc gestures at you while chanting.
The puff of frost hits you!
* * * LOW HITPOINT WARNING * * *
Blork the orc hits you with a runed orcish dagger.
* * * LOW HITPOINT WARNING * * *
Blork the orc freezes you.
* * * LOW HITPOINT WARNING * * *
Unknown command.
Read which item? (? for menu, Esc to quit)
Okay, then.
Drink which item? (? for menu, Esc to quit)
Okay, then.
Blork the orc screams, "I'll make a cloak from your skin!"
Blork the orc closely misses you.
Blork the orc screams, "I'm much stronger than you!"
Blork the orc hits you but does no damage.
Blork the orc gestures at you while chanting.
The magic dart hits you!
You die...

... ... ..#.
.<#[# #.#.# .
##.#.## ##.
...... ..#+#
#.##.# #.#.#
##@##.# #.#.#
#...#.###.#.##
#.o.....#....##
#<[...........#
###.#.#.#....###
#.#..........####
#.#####.#.##.....
#.#####.#.####.##
#.......#.# #.##


You could see Blork the orc.

Vanquished Creatures
  A sky beast (D:4)
  A gnoll (D:4)
  A giant mite (D:3)
  An inept feature mimic (D:2)
  2 giant geckos (D:1)
  2 oozes (D:1)
  7 orcs
  6 bats
  7 hobgoblins
  6 jackals
  2 quokkas (D:3)
  5 giant newts
  8 goblins
  12 kobolds
  10 rats
71 creatures vanquished.

Notes
Turn   | Place    | Note
--------------------------------------------------------------
     0 | D:1      | Kae, the Tengu Fire Elementalist, began the quest for the Orb.
     0 | D:1      | Reached XP level 1. HP: 10/10 MP: 3/3
   195 | D:1      | Reached XP level 2. HP: 12/15 MP: 1/5
   214 | D:1      | Reached skill level 4 in Fire Magic
   629 | D:1      | Reached XP level 3. HP: 15/19 MP: 7/7
  2289 | D:3      | Reached XP level 4. HP: 21/24 MP: 2/8
  2343 | D:3      | Learned a level 2 spell: Throw Flame
  2347 | D:3      | Learned a level 3 spell: Conjure Flame
  3153 | D:3      | Reached skill level 5 in Fire Magic
  3436 | D:4      | Noticed Blork the orc
  3667 | D:4      | Noticed a sky beast
  3670 | D:4      | Noticed Sigmund
  3686 | D:4      | Killed a sky beast
  3686 | D:4      | Reached skill level 6 in Fire Magic
  3686 | D:4      | Reached XP level 5. HP: 26/28 MP: 4/11
  3796 | D:4      | Found a staircase to the Ecumenical Temple.
  3833 | Temple   | Entered the Ecumenical Temple
  4102 | Temple   | Became a worshipper of Vehumet
  4157 | D:4      | HP: 1/28 [Blork the orc/runed orcish dagger (1)]
  4160 | D:4      | Killed from afar by Blork the orc

Action                   |  1- 3 |  4- 6 || total
-------------------------+-------+-------++-------
Melee: Unarmed           |    29 |       ||    29
       Dagger            |    79 |    42 ||   121
 Cast: Flame Tongue      |    32 |    41 ||    73
       Conjure Flame     |       |     4 ||     4
       Throw Flame       |       |     6 ||     6
  Use: Potion            |       |     2 ||     2
 Stab: Sleeping          |     1 |       ||     1
